 Dungeon Sprint DCSS version 0.26-a0-854-gdc81c2f471 (webtiles) character file.

Game seed: 7421758433447458903

203 Pestilence the Chiller (level 5, -3/42 HPs)
             Began as a Gnoll Ice Elementalist on Nov 22, 2020.
             Was a Priest of Sif Muna.
             Slain by a flying skull (11 damage)
             ... in the Dungeon (Sprint VII: "The Pits").
             The game lasted 00:01:17 (499 turns).

Pestilence the Chiller (Gnoll Ice Elementalist)      Turns: 499, Time: 00:01:17

Health: -3/42      AC:  2    Str: 11    XL:     5   Next: 81%
Magic:  3/13       EV: 16    Int: 18    God:    Sif Muna [***...]
Gold:   0          SH:  0    Dex: 15    Spells: 5/16 levels left

rFire    . . .     SeeInvis .     - Unarmed
rCold    . . .     Faith    .   (no shield)
rNeg     . . .     Spirit   .   a - +0 robe
rPois    .         Reflect  .   (no helmet)
rElec    .         Harm     .   (no cloak)
rCorr    .         Rampage  .   (no gloves)
MR       .....     NoTele   +   (no boots)
Stlth    +++.......             (no amulet)
HPRegen  0.14/turn              (no ring)
MPRegen  0.13/turn              (no ring)

@: frozen ramparts
A: distributed training, fangs 1, strong nose
a: Channel Magic, Forget Spell, Renounce Religion


You were in the Dungeon.
You worshipped Sif Muna.
Sif Muna was most pleased with you.
You visited 1 branch

Inventory:

Armour
 a - a +0 robe (worn)
Scrolls
 h - a scroll of blinking
 i - 3 scrolls of remove curse
 j - 5 scrolls of amnesia
 k - a scroll of summoning
Potions
 b - 2 potions of invisibility
 c - 6 potions of curing
 d - 6 potions of heal wounds
 e - a potion of haste
 f - 4 potions of magic
 g - 3 potions of berserk rage


   Skills:
 + Level 3.9 Fighting
 + Level 3.9 Short Blades
 + Level 3.9 Long Blades
 + Level 3.9 Axes
 + Level 3.9 Maces & Flails
 + Level 3.9 Polearms
 + Level 3.9 Staves
 + Level 3.9 Slings
 + Level 3.9 Bows
 + Level 3.9 Crossbows
 + Level 3.9 Throwing
 + Level 3.9 Armour
 + Level 6.1 Dodging
 + Level 5.8 Stealth
 + Level 3.9 Shields
 + Level 3.9 Unarmed Combat
 + Level 6.4 Spellcasting
 + Level 3.2 Conjurations
 + Level 3.2 Hexes
 + Level 3.2 Summonings
 + Level 3.2 Necromancy
 + Level 3.2 Translocations
 + Level 3.2 Transmutations
 + Level 3.2 Fire Magic
 + Level 7.9 Ice Magic
 + Level 3.2 Air Magic
 + Level 3.2 Earth Magic
 + Level 3.2 Poison Magic
 + Level 4.3 Invocations
 + Level 3.9 Evocations


You had 5 spell levels left.
You knew the following spells:

 Your Spells              Type           Power        Failure   Level
a - Freeze                Ice            ####         1%          1
b - Frozen Ramparts       Ice            ####..       1%          3
c - Ozocubu's Armour      Ice            ####....     1%          3
d - Summon Ice Beast      Ice/Summ       ####....     12%         4

Your spell library contained the following spells:

 Spells                   Type           Power        Failure   Level
 Hailstorm                Conj/Ice       ####....     12%         4


Dungeon Overview and Level Annotations

Branches:
Dungeon (1/1)

Altars:
Ashenzari
Cheibriados
Dithmenos
Elyvilon
Fedhas
Gozag
Hepliaklqana
Kikubaaqudgha
Makhleb
Nemelex Xobeh
Okawaru
Qazlal
Ru
Sif Muna
Trog
Uskayaw
Vehumet
Wu Jian
Xom
Yredelemnul
Zin
The Shining One
Beogh
Jiyva
Lugonu


Innate Abilities, Weirdness & Mutations

Your experience applies equally to all skills.
You have very sharp teeth.
Your uncanny sense of smell can sniff out nearby items.


Message History

Sif Muna accepts your kill.
Your icy armour cracks and falls away as you move.
The flying skull resists.
The wall freezes the flying skull.
The flying skull resists.
The wall freezes the flying skull.
The flying skull resists.
The wall freezes the flying skull.
The flying skull misses you.
The frozen ramparts melt away.
The flying skull closely misses you.
You hit the flying skull but do no damage.
The flying skull is severely damaged.
The flying skull hits you!
* * * LOW HITPOINT WARNING * * *
Casting: Ozocubu's Armour (safe; 1% risk of failure)
Confirm with . or Enter, or press ? or * to list all spells.
The walls around you are covered in ice.
The flying skull resists.
The wall freezes the flying skull.
The flying skull closely misses you.
The flying skull resists.
The wall freezes the flying skull.
The flying skull resists.
The wall freezes the flying skull.
The flying skull hits you!
You die...

##########'##.....
#.?(.')))'.##.....
##########.##.....
#..........)+.....
#'#####'#####.....
#.#...#.#[[##.....
#.#.).#.#))#####'#
#.#...'.#))##.....
#@##'####))##.....
#z#.†...#..##.....
#.#.....#'###...<.
#.#........##.....
#)#........##.....
#'###########.....
#).†z...# ######
#....w..#
#...#...# ∆∆


You could see a flying skull.

Vanquished Creatures
  Sigmund (D)
  A worker ant (D)
  An ooze (D)
  An adder skeleton (D)
  A worm (D)
  3 goblins (D)
  3 hobgoblins (D)
  A quokka (D)
  A bat (D)
13 creatures vanquished.

Notes
Turn   | Place    | Note
-------+----------+-------------------------------------------
     0 | D        | Pestilence the Gnoll Ice Elementalist began the quest for
                  | the Orb.
     0 | D        | Reached XP level 1. HP: 13/13 MP: 6/6
    22 | D        | Found a bloodstained altar of Trog.
    22 | D        | Found a shimmering blue altar of Sif Muna.
    22 | D        | Found a viscous altar of Jiyva.
    22 | D        | Found a hazy altar of Hepliaklqana.
    22 | D        | Found an opulent altar of Gozag.
    23 | D        | Found a glowing golden altar of the Shining One.
    23 | D        | Found a glowing silver altar of Zin.
    23 | D        | Found a basalt altar of Yredelemnul.
    23 | D        | Found a shimmering altar of Xom.
    23 | D        | Found an ornate altar of the Wu Jian Council.
    23 | D        | Found a sacrificial altar of Ru.
    23 | D        | Found a stormy altar of Qazlal.
    23 | D        | Found an iron altar of Okawaru.
    23 | D        | Found a sparkling altar of Nemelex Xobeh.
    23 | D        | Found a burning altar of Makhleb.
    23 | D        | Found a blossoming altar of Fedhas.
    23 | D        | Found a white marble altar of Elyvilon.
    23 | D        | Found a shadowy altar of Dithmenos.
    23 | D        | Found a snail-covered altar of Cheibriados.
    26 | D        | Found a corrupted altar of Lugonu.
    26 | D        | Found a radiant altar of Vehumet.
    26 | D        | Found a roughly hewn altar of Beogh.
    27 | D        | Found an ancient bone altar of Kikubaaqudgha.
    27 | D        | Found a hide-covered altar of Uskayaw.
    27 | D        | Found a broken altar of Ashenzari.
    28 | D        | Became a worshipper of Sif Muna the Loreminder
    59 | D        | Noticed a worker ant
    66 | D        | Killed a worker ant
    67 | D        | Reached skill level 1 in Fighting
    67 | D        | Reached skill level 1 in Short Blades
    67 | D        | Reached skill level 1 in Long Blades
    67 | D        | Reached skill level 1 in Axes
    67 | D        | Reached skill level 1 in Maces & Flails
    67 | D        | Reached skill level 1 in Polearms
    67 | D        | Reached skill level 1 in Staves
    67 | D        | Reached skill level 1 in Slings
    67 | D        | Reached skill level 1 in Bows
    67 | D        | Reached skill level 1 in Crossbows
    67 | D        | Reached skill level 1 in Throwing
    67 | D        | Reached skill level 1 in Armour
    67 | D        | Reached skill level 1 in Shields
    67 | D        | Reached skill level 1 in Unarmed Combat
    67 | D        | Reached skill level 5 in Spellcasting
    67 | D        | Reached skill level 1 in Conjurations
    67 | D        | Reached skill level 1 in Hexes
    67 | D        | Reached skill level 1 in Summonings
    67 | D        | Reached skill level 1 in Necromancy
    67 | D        | Reached skill level 1 in Translocations
    67 | D        | Reached skill level 1 in Transmutations
    67 | D        | Reached skill level 1 in Fire Magic
    67 | D        | Reached skill level 1 in Air Magic
    67 | D        | Reached skill level 1 in Earth Magic
    67 | D        | Reached skill level 1 in Poison Magic
    67 | D        | Reached skill level 1 in Evocations
    67 | D        | Reached XP level 2. HP: 15/22 MP: 2/8
    67 | D        | Reached XP level 3. HP: 18/27 MP: 2/9
   241 | D        | Learned a level 3 spell: Frozen Ramparts
   245 | D        | Learned a level 3 spell: Ozocubu's Armour
   259 | D        | Reached * piety under Sif Muna
   319 | D        | Reached ** piety under Sif Muna
   323 | D        | Reached skill level 5 in Dodging
   392 | D        | Noticed Sigmund
   402 | D        | Noticed a flying skull
   403 | D        | Killed Sigmund
   404 | D        | Reached skill level 5 in Stealth
   404 | D        | Reached XP level 4. HP: 30/37 MP: 4/12
   404 | D        | Reached XP level 5. HP: 34/42 MP: 4/13
   477 | D        | Learned a level 4 spell: Summon Ice Beast
   485 | D        | Reached *** piety under Sif Muna
   499 | D        | Slain by a flying skull

Illustrated notes

Levels and vault maps discovered:
D:        pitsprint [storerooms_1, entrance_room_1, metal_vault_4, armoury_2,
          mini_pit_1, grid_room_1, main_hall_1, silver_pit, the_coven_3,
          the_vestibule_1, steel_vault_5, golden_pit, hallway_of_sentries,
          crystal_vault_2, iron_vault_4, final_vault]

Skill      XL: |  1  2  3 |
---------------+----------+-----
Fighting       | 1 3 |  3.9
Short Blades   | 1 3 |  3.9
Long Blades    | 1 3 |  3.9
Axes           | 1 3 |  3.9
Maces & Flails | 1 3 |  3.9
Polearms       | 1 3 |  3.9
Staves         | 1 3 |  3.9
Slings         | 1 3 |  3.9
Bows           | 1 3 |  3.9
Crossbows      | 1 3 |  3.9
Throwing       | 1 3 |  3.9
Armour         | 1 3 |  3.9
Shields        | 1 3 |  3.9
Unarmed Combat | 1 3 |  3.9
Spellcasting   | 5 6 |  6.4
Conjurations   | 1 3 |  3.2
Hexes          | 1 3 |  3.2
Summonings     | 1 3 |  3.2
Necromancy     | 1 3 |  3.2
Translocations | 1 3 |  3.2
Transmutations | 1 3 |  3.2
Fire Magic     | 1 3 |  3.2
Air Magic      | 1 3 |  3.2
Earth Magic    | 1 3 |  3.2
Poison Magic   | 1 3 |  3.2
Invocations    | 2 4 |  4.3
Evocations     | 1 3 |  3.9
Dodging        | 6 |  6.1
Stealth        | 5 |  5.8
Ice Magic      | |  7.9

Action                   |  1- 3 |  4- 6 || total
-------------------------+-------+-------++-------
Melee: Unarmed           |     8 |     6 ||    14
       Bite              |     1 |       ||     1
 Cast: Freeze            |    13 |       ||    13
       Ozocubu's Armour  |     2 |     2 ||     4
       Frozen Ramparts   |     2 |     2 ||     4
Armor: Robe              |     3 |     3 ||     6
Dodge: Dodged            |    23 |     5 ||    28

Table legend: (Time is in decaauts)
 A = Elapsed time spent in this place.
 B = Non-inter-level travel time spent in this place.
 C = Inter-level travel time spent in this place.
 D = Time resting spent in this place.
 E = Time spent auto-exploring this place.
 F = Levels seen in this place.
 G = Mean time per level.
                   A        B        C        D        E       F      G
               +--------+--------+--------+--------+--------+-----+--------+
         Total |    498 |    481 |     17 |    312 |      0 |   1 |  498.0 |
       Dungeon |    498 |    481 |     17 |    312 |      0 |   1 |  498.0 |
               +--------+--------+--------+--------+--------+-----+--------+

Top non-repeatable levels by time:
       D: 498 daAuts
